 Dungeon Crawl Stone Soup version 0.30.1-4-g462c640d31 (webtiles) character file.

Game seed: 17249966678413487526

175 GimliDwarf the Fighter (level 5, -2/51 HPs)
             Began as a Gnoll Wanderer on Aug 15, 2023.
             Killed from afar by Natasha (13 damage)
             ... with a bolt of light
             ... on level 3 of the Dungeon.
             The game lasted 00:11:22 (3568 turns).

GimliDwarf the Fighter (Gnoll Wanderer)             Turns: 3568, Time: 00:11:24

Health: -2/51      AC:  3    Str:  9    XL:     5   Next: 55%
Magic:  7/9        EV: 12    Int: 14    God:
Gold:   222        SH:  0    Dex: 13    Spells: 6/10 levels left

rFire   . . .        f - +1 dagger (pain)
rCold   . . .        (no shield)
rNeg    . . .        d - +0 robe
rPois   +            (no helmet)
rElec   .            (no cloak)
rCorr   .            (no gloves)
SInv    .            b - +0 pair of boots
Will    .....        (no amulet)
Stlth   ++           j - ring of poison resistance
HPRegen 0.28/turn    (no ring)
MPRegen 0.11/turn

%: no passive effects
@: no status effects
A: fangs 1, strong nose, distributed training
a: no special abilities


You were on level 3 of the Dungeon.
You visited 1 branch of the dungeon, and saw 3 of its levels.

You collected 222 gold pieces.

Inventory:

Hand Weapons
 f - a +1 dagger of pain (weapon)
Armour
 b - a +0 pair of boots (worn)
 d - a +0 robe (worn)
Jewellery
 j - a ring of poison resistance (left hand)
Wands
 m - a wand of flame (20)
 o - a wand of digging (5)
Scrolls
 h - a scroll of torment {unknown}
 p - 2 scrolls of teleportation
Potions
 a - a potion of magic {unknown}
 e - 2 potions of lignification
 i - a potion of mutation {unknown}
 l - a potion of heal wounds
 n - a potion of ambrosia {unknown}


   Skills:
 + Level 8.7 Fighting
 + Level 1.6 Short Blades
 + Level 1.6 Long Blades
 + Level 1.6 Axes
 + Level 1.6 Maces & Flails
 + Level 1.6 Polearms
 + Level 1.6 Staves
 + Level 1.6 Ranged Weapons
 + Level 1.6 Throwing
 + Level 1.6 Armour
 + Level 3.0 Dodging
 + Level 2.8 Stealth
 + Level 1.6 Shields
 + Level 1.6 Unarmed Combat
 + Level 3.2 Spellcasting
 + Level 1.3 Conjurations
 + Level 1.3 Hexes
 + Level 1.3 Summonings
 + Level 1.3 Necromancy
 + Level 1.3 Translocations
 + Level 5.6 Transmutations
 + Level 1.3 Fire Magic
 + Level 1.3 Ice Magic
 + Level 1.3 Air Magic
 + Level 1.3 Earth Magic
 + Level 1.3 Poison Magic
 + Level 1.8 Invocations
 + Level 1.6 Evocations


You had 6 spell levels left.
You knew the following spells:

 Your Spells              Type           Power      Damage    Failure   Level
a - Sting                 Tmut/Pois      44%        1d5       4%          1
b - Ignite Poison         Fire/Tmut/Pois 9%         N/A       21%         3

Your spell library contained the following spells:

 Spells                   Type           Power      Damage    Failure   Level
 Gell's Gravitas          Tloc           5%         N/A       36%         3
 Teleport Other           Tloc           5%         N/A       36%         3
 Vhi's Electric Charge    Tloc/Air       10%        N/A       36%         3
 Petrify                  Tmut/Erth      11%        N/A       45%         4
 Arcjolt                  Conj/Air       2%         1d12      98%         5
 Dispersal                Tloc           2%         N/A       100%        6
 Plasma Beam              Fire/Air       2%         2x1d14    100%        6


Dungeon Overview and Level Annotations

Branches:
Dungeon (3/15)

Altars:

Annotations:
D:3 Natasha


Innate Abilities, Weirdness & Mutations

You have very sharp teeth.
Your uncanny sense of smell can sniff out nearby items.
Your experience applies equally to all skills.


Message History

* * * LOW HITPOINT WARNING * * *
The cerulean imp hits you from afar with a +1 spear.
* * * LOW HITPOINT WARNING * * *
You barely miss something. Your bite misses something.
Something claws you but does no damage.
You feel much better.
The cerulean imp hits you from afar with a +1 spear.
Something claws you.
You completely miss something.
The cerulean imp hits you but does no damage.
You hear some strange, mumbled words.
You miss something. Your punch misses something.
The cerulean imp looks more healthy.
The cerulean imp hits you but does no damage.
You hear some strange, mumbled words.
The cerulean imp attacks as you move away!
The cerulean imp hits you with a +2 spear.
The cerulean imp barely misses you.
The cerulean imp hits you from afar with a +1 spear.
The cerulean imp hits you but does no damage.
You completely miss something. Your bite misses something.
The cerulean imp hits you from afar with a +2 spear.
Something claws you. The cerulean imp misses you.
You miss something.
The cerulean imp hits you from afar with a +2 spear. x2
You hear some strange, mumbled words.
A magic dart appears from out of thin air!
The magic dart hits you. The cerulean imp closely misses you.
Aiming: Sting (safe; 4% risk of failure)
Press: ? - help, Q - select action, (/) - cycle Shift-Dir - straight line, f/p - cerulean imp
Aim: a cerulean imp, wielding a +1 spear (heavily wounded, summoned, 57% to hit)
The sting hits something.
The cerulean imp hits you from afar with a +2 spear.
* * * LOW HITPOINT WARNING * * *
The cerulean imp hits you from afar with a +2 spear.
* * * LOW HITPOINT WARNING * * *
You hear a zap.
A bolt of light appears from out of thin air!
The bolt of light hits you!
You die...

#.##.......# #..##
#.##.......# #.##.
#.##.......# #.##[
#.##.......# ##.##.
#.##.......#######..#..
#.##.......##......##.#
#.##55...).##.#######.#
#.##.......##.# #...
#.##.{@..<.#..# ###[.#
#.##5#######.#####....#
#.##.# #.# #......#
#.##.# ##.# #.#...##
#.##.#### #..###.#...##
#.......###......#####.
####.##................
#.##################
###)### ##########


You could see 3 cerulean imps.

Vanquished Creatures
  An orc priest (D:3)
  Natasha (D:3)
  A gnoll (D:1)
  An adder (D:3)
  An adder zombie (D:2)
  3 worms
  2 dart slugs
  3 orcs (D:3)
  2 ball pythons (D:3)
  5 endoplasms
  5 giant cockroaches
  8 goblins
  5 hobgoblins
  8 jackals
  3 quokkas
  A ball python skeleton (D:2)
  8 bats
  A frilled lizard (D:3)
  3 giant cockroach zombies (D:2)
  6 kobolds
  A quokka skeleton (D:2)
  12 rats
81 creatures vanquished.

Vanquished Creatures (collateral kills)
  A jackal (D:3)
1 creature vanquished.

Grand Total: 82 creatures vanquished

Notes
Turn   | Place    | Note
-------+----------+-------------------------------------------
     0 | D:1      | GimliDwarf the Gnoll Wanderer began the quest for the Orb.
     0 | D:1      | GimliDwarf set off with the following items: a +0 dagger, a
                  | +0 pair of boots, a scroll of blinking, a +0 robe, a potion
                  | of lignification; and the following spell memorised: Sting;
                  | and the following spells available to memorise: Ignite
                  | Poison, Petrify.
     0 | D:1      | Reached XP level 1. HP: 26/26 MP: 4/4
   279 | D:1      | Reached XP level 2. HP: 33/33 MP: 2/5
   860 | D:1      | Reached XP level 3. HP: 15/38 MP: 1/7
   999 | D:1      | Reached skill level 1 in Invocations
  1376 | D:2      | Reached skill level 1 in Short Blades
  1376 | D:2      | Reached skill level 1 in Long Blades
  1376 | D:2      | Reached skill level 1 in Axes
  1376 | D:2      | Reached skill level 1 in Maces & Flails
  1376 | D:2      | Reached skill level 1 in Polearms
  1376 | D:2      | Reached skill level 1 in Staves
  1376 | D:2      | Reached skill level 1 in Ranged Weapons
  1376 | D:2      | Reached skill level 1 in Throwing
  1376 | D:2      | Reached skill level 1 in Armour
  1376 | D:2      | Reached skill level 1 in Shields
  1376 | D:2      | Reached skill level 1 in Unarmed Combat
  1376 | D:2      | Reached skill level 1 in Evocations
  1561 | D:2      | Reached XP level 4. HP: 43/45 MP: 5/8
  2374 | D:3      | Reached skill level 1 in Conjurations
  2374 | D:3      | Reached skill level 1 in Hexes
  2374 | D:3      | Reached skill level 1 in Summonings
  2374 | D:3      | Reached skill level 1 in Necromancy
  2374 | D:3      | Reached skill level 1 in Translocations
  2374 | D:3      | Reached skill level 1 in Fire Magic
  2374 | D:3      | Reached skill level 1 in Ice Magic
  2374 | D:3      | Reached skill level 1 in Air Magic
  2374 | D:3      | Reached skill level 1 in Earth Magic
  2374 | D:3      | Reached skill level 1 in Poison Magic
  2737 | D:3      | Noticed Natasha
  2748 | D:3      | Reached XP level 5. HP: 20/51 MP: 6/9
  3031 | D:3      | Learned a level 3 spell: Ignite Poison
  3160 | D:3      | Killed Natasha
  3549 | D:3      | Noticed Natasha
  3568 | D:3      | Killed from afar by Natasha

Illustrated notes

Levels and vault maps discovered:
D:1:      dreamdust_arrival_beginning_and_end, layout_loops_ring
D:2:      layout_loops_ring, serial_undead, serial_undead_c, serial_undead_d,
          serial_undead_a, serial_undead_b, minmay_box_of_dots
D:3:      layout_rooms, corexii_corridor_pit, uniq_natasha

Skill      XL: |  1  2  3  4  5 |
---------------+----------------+-----
Invocations    | 1 |  1.8
Short Blades   | 1 |  1.6
Long Blades    | 1 |  1.6
Axes           | 1 |  1.6
Maces & Flails | 1 |  1.6
Polearms       | 1 |  1.6
Staves         | 1 |  1.6
Ranged Weapons | 1 |  1.6
Throwing       | 1 |  1.6
Armour         | 1 |  1.6
Shields        | 1 |  1.6
Unarmed Combat | 1 |  1.6
Evocations     | 1 |  1.6
Spellcasting   | 3 |  3.2
Conjurations   | 1 |  1.3
Hexes          | 1 |  1.3
Summonings     | 1 |  1.3
Necromancy     | 1 |  1.3
Translocations | 1 |  1.3
Fire Magic     | 1 |  1.3
Ice Magic      | 1 |  1.3
Air Magic      | 1 |  1.3
Earth Magic    | 1 |  1.3
Poison Magic   | 1 |  1.3
Dodging        | 3 |  3.0
Fighting       | |  8.7
Stealth        | |  2.8
Transmutations | |  5.6

Action                     |  1- 3 |  4- 6 || total
---------------------------+-------+-------++-------
  Melee: Dagger            |    31 |    50 ||    81
         Bite              |     1 |     7 ||     8
         Short sword       |    32 |    22 ||    54
         Punch             |       |     2 ||     2
   Cast: Sting             |    58 |    54 ||   112
         Ignite Poison     |       |     1 ||     1
  Evoke: Wand              |       |     3 ||     3
    Use: Scroll            |     1 |     7 ||     8
         Potion            |       |     3 ||     3
   Stab: Sleeping          |       |     3 ||     3
 Armour: Robe              |    24 |    20 ||    44
  Dodge: Dodged            |    61 |    51 ||   112
